 Dungeon Crawl Stone Soup version 0.23-a0-650-ga4d50d4 (webtiles) character file.

26478 Amnesiac the Spry (level 12, -3/63 HPs)
             Began as a Spriggan Berserker on Jan 2, 2019.
             Was a High Priest of Trog.
             Slain by a hellwing (14 damage)
             ... summoned by an orc sorcerer
             ... while paralysed by an orc sorcerer
             ... on level 2 of the Orcish Mines.
             The game lasted 00:34:44 (11988 turns).

Amnesiac the Spry (Spriggan Berserker)             Turns: 11988, Time: 00:34:45

Health: -3/63      AC:  9    Str: 20    XL:     12   Next: 98%
Magic:  19/19      EV:  4    Int: 10    God:    Trog [*****.]
Gold:   1318       SH:  0    Dex: 15    Spells: 11/11 levels left

rFire    . . .     SeeInvis +   a - +2 demon blade (venom)
rCold    . . .     Gourm    .   (shield restricted)
rNeg     . . .     Faith    .   F - +0 troll leather armour
rPois    .         Spirit   .   (helmet restricted)
rElec    .         Reflect  .   q - +2 cloak
rCorr    .         Harm     .   (gloves unavailable)
MR       ++...                  (boots unavailable)
Stlth    +.........             B - amulet of regeneration
HPRegen  1.00/turn              i - +2 ring of protection
MPRegen  0.16/turn              u - +3 ring of strength

@: paralysed, very quick
A: very small, unfitting armour, see invisible, herbivore, speed 3, slow
metabolism 2
a: Berserk, Trog's Hand, Brothers in Arms, Renounce Religion


You were on level 2 of the Orcish Mines.
You worshipped Trog.
Trog was extremely pleased with you.
You were full.

You visited 2 branches of the dungeon, and saw 12 of its levels.

You collected 1384 gold pieces.
You spent 66 gold pieces at shops.

Inventory:

Hand Weapons
 a - a +2 demon blade of venom (weapon)
 b - a +0 blowgun
 w - a +1 scimitar of flaming
Missiles
 k - 45 tomahawks (quivered)
 m - 5 needles of confusion
 o - 2 throwing nets
 p - 4 curare-tipped needles
 I - 5 poisoned needles
Armour
 q - a +2 cloak (worn)
 C - a +2 robe of fire resistance
 F - a +0 troll leather armour (worn)
Jewellery
 i - a +2 ring of protection (left hand)
 s - an uncursed ring of flight
 u - a +3 ring of strength (right hand)
 B - an amulet of regeneration (around neck)
Wands
 j - a wand of polymorph (5)
 y - a wand of disintegration (12)
Scrolls
 d - 2 scrolls of blinking {!r}
 g - 3 scrolls of enchant armour {!r}
 r - 3 scrolls of magic mapping {!r}
 v - 2 scrolls of teleportation {!r}
 x - a scroll of remove curse {!r}
 A - 2 scrolls of enchant weapon {!r}
 G - a scroll of fear {!r}
 H - a scroll of fog {!r}
Potions
 e - 2 potions of lignification {!q}
 h - a potion of agility {!q}
 l - 3 potions of curing {!q}
 n - a potion of magic {!q, unknown}
 z - a potion of mutation {!q, unknown}
 D - 2 potions of flight {!q}
 K - a potion of might {!q, unknown}
Comestibles
 c - 15 rations


   Skills:
 + Level 7.1 Fighting
 * Level 13.8 Long Blades
 - Level 15.0 Dodging
 - Level 8.0 Evocations


You had 11 spell levels left.
You didn't know any spells.
Your spell library contained the following spells:

 Spells                   Type           Power        Failure   Level  Hunger
 Magic Dart               Conj           #...         41%         1    ##.....
 Blink                    Tloc           N/A          56%         2    ###....
 Call Imp                 Summ           #.......     56%         2    ###....
 Searing Ray              Conj           #.....       56%         2    ###....
 Slow                     Hex            #.......     56%         2    ###....
 Conjure Flame            Conj/Fire      #.......     80%         3    ####...
 Dazzling Spray           Conj/Hex       #.....       80%         3    ####...
 Mephitic Cloud           Conj/Pois/Air  #.......     80%         3    ####...
 Force Lance              Conj/Tloc      #.......     99%         4    #####..
 Fulminant Prism          Conj/Hex       #.........   99%         4    #####..
 Iskenderun's Mystic Bla  Conj           #.......     99%         4    #####..


Dungeon Overview and Level Annotations

Branches:
Dungeon (10/15)            Temple (0/1) D:7            Lair (0/6) D:10
    Orc (2/2) D:10            Elf (0/3) Orc:2

Altars:
Cheibriados
Dithmenos
Elyvilon
Gozag
Kikubaaqudgha
Makhleb
Okawaru
Trog

Shops:
Orc:2 *!

Annotations:
D:5 1 exclusion
D:6 2 transporters, exclusion: downstairs, melvinkitnick's ghost, amateur GnNe


Innate Abilities, Weirdness & Mutations

You are very small and have problems with some larger weapons.
You are too small for most types of armour.
You have supernaturally acute eyesight. (SInv)
You are a herbivore.
You cover ground extremely quickly.
You need to consume almost no food.


Message History

You barely miss the orc sorcerer.
The orc sorcerer is moderately wounded.
You closely miss the orc sorcerer.
The orc sorcerer is moderately wounded.
The orc sorcerer mumbles some strange words.
The orc sorcerer hits you but does no damage.
The red devil hops backward while attacking.
The red devil hits you from afar with a +0 trident.
You slash the orc sorcerer!
The orc sorcerer is poisoned.
The orc sorcerer is heavily wounded.
The orc sorcerer barely misses you.
You riposte.
You barely miss the orc sorcerer.
You hit the orc sorcerer but do no damage.
The orc sorcerer is poisoned.
The orc sorcerer gestures at you while chanting.
The bolt of fire misses you. The red devil closely misses you.
You barely miss the orc sorcerer.
The orc sorcerer is heavily wounded.
The orc sorcerer completely misses you.
You riposte.
You slash the orc sorcerer!
The orc sorcerer looks as sick as possible!
The orc sorcerer is heavily wounded.
The orc sorcerer misses you.
You hit the orc sorcerer but do no damage.
The orc sorcerer looks as sick as possible!
The orc sorcerer is heavily wounded.
The red devil hits you from afar with a +0 trident!
You barely miss the orc sorcerer.
The orc sorcerer is severely wounded.
The orc sorcerer closely misses you.
The hellwing swoops through the air toward you!
The hellwing completely misses you. The hellwing closely misses you.
The orc sorcerer hits you but does no damage.
You slice the orc sorcerer!!
You kill the orc sorcerer!
Trog accepts your kill.
Trog appreciates your killing of a magic user.
The red devil disappears in a puff of smoke!
The chaos spawn misses you.
You riposte.
You hit the chaos spawn but do no damage.
The chaos spawn is poisoned.
You hit the orc sorcerer.
The orc sorcerer looks as sick as possible!
The orc sorcerer is severely wounded.
The sixfirhy misses you.
You riposte.
You slash the sixfirhy!
The sixfirhy is poisoned.
The sixfirhy is moderately wounded.
The sixfirhy completely misses you.
You riposte.
You slice the sixfirhy!!
The sixfirhy looks as sick as possible!
The sixfirhy is almost dead.
The hellwing hits you! The hellwing misses you.
The orc sorcerer gestures at you while chanting.
You suddenly lose the ability to move!
The chaos spawn barely misses you. The hellwing hits you.
The hellwing hits you but does no damage.
The orc sorcerer gestures at you while chanting.
You shrug off the repeated paralysis!
The orc sorcerer hits you but does no damage.
The chaos spawn hits you!
* * * LOW HITPOINT WARNING * * *
The chaos spawn freezes you!
* * * LOW HITPOINT WARNING * * *
The hellwing hits you!
You die...

###)...## #)#.###..##
##.#....###...###4.##
#........###.###..##
# ##........#####..##
$# #......#..###..##
..
##.........#[..##.#
#.##.......[[......#
.......34...#.....##
.#...4@o......####
...#..[.o#.....###
#................##
#....##...........#
##.###...........##
#####...#.#...###
##....#####..##
#....## #...# ##.###
##.##


You could see a hellwing, a sixfirhy, a chaos spawn and 2 orc sorcerers.

Vanquished Creatures
  Rupert (Orc:2)
  Donald (Orc:2)
  A stone giant (Orc:1)
  2 two-headed ogres
  3 orc high priests
  2 soul eaters
  2 gelid demonspawn
  6 orc knights
  An oklob plant (D:10)
  3 orc sorcerers (Orc:2)
  A cyclops (Orc:2)
  An orange demon (Orc:1)
  A troll (D:10)
  Grinder (D:6)
  A wyvern (D:10)
  Sigmund (D:6)
  4 fire elementals (Orc:2)
  14 yaks
  Edmund (D:6)
  Menkaure (D:6)
  3 wargs
  A water moccasin (D:7)
  2 hell hounds (Orc:2)
  30 orc warriors
  5 sky beasts
  2 ice beasts (D:9)
  7 ogres
  2 phantoms
  A black bear (D:7)
  4 necrophages
  3 centaurs
  A crocodile (D:9)
  2 big kobolds (D:9)
  Blork the orc (D:6)
  10 bullfrogs
  2 water moccasin zombies
  2 scorpions
  6 wights
  A centaur zombie (D:8)
  4 crimson imps
  3 bullfrog zombies
  18 orc wizards
  2 bullfrog skeletons (D:9)
  6 hounds
  11 orc priests
  A centaur skeleton (D:7)
  2 iguanas
  7 worker ants
  A hound zombie (D:6)
  A hound skeleton (D:9)
  A mummy (D:8)
  4 worker ant zombies
  Robin (D:3)
  A howler monkey skeleton (D:4)
  12 adders
  A shadow imp (D:5)
  2 oozes
  An adder skeleton (D:4)
  2 worms (D:3)
  A dart slug (D:1)
  8 leopard geckos
  65 orcs
  7 bats
  7 giant cockroaches
  15 goblins
  5 hobgoblins (D:3)
  10 jackals
  14 kobolds
  3 quokkas
  3 ball pythons
  6 frilled lizards
  A quokka skeleton (D:5)
  8 rats
  A plant (D:10)
368 creatures vanquished.

Vanquished Creatures (collateral kills)
  Azrael (Orc:2)
  Snorg (Orc:2)
  An orc high priest (Orc:1)
  A troll (Orc:1)
  An orc warrior (Orc:2)
  An orc priest (Orc:1)
  An orc wizard (Orc:1)
  An orc (Orc:2)
8 creatures vanquished.

Vanquished Creatures (others)
  An orc priest (Orc:2)
  A withered plant (D:8)
2 creatures vanquished.

Grand Total: 378 creatures vanquished

Notes
Turn   | Place    | Note
-------+----------+-------------------------------------------
     0 | D:1      | Amnesiac the Spriggan Berserker began the quest for the
                  | Orb.
     0 | D:1      | Reached XP level 1. HP: 11/11 MP: 2/2
   224 | D:1      | Reached XP level 2. HP: 11/16 MP: 3/3
   660 | D:2      | Reached XP level 3. HP: 19/19 MP: 4/4
   822 | D:2      | Reached ** piety under Trog
   848 | D:2      | Reached skill level 5 in Dodging
   917 | D:2      | Found a bloodstained altar of Trog.
   918 | D:2      | Found an ancient bone altar of Kikubaaqudgha.
   919 | D:2      | Found an iron altar of Okawaru.
   922 | D:2      | Found an opulent altar of Gozag.
  1039 | D:2      | Found a burning altar of Makhleb.
  1278 | D:3      | Noticed Robin
  1287 | D:3      | Reached XP level 4. HP: 23/23 MP: 5/5
  1544 | D:3      | Killed Robin
  1744 | D:3      | Reached *** piety under Trog
  2053 | D:4      | Reached XP level 5. HP: 21/28 MP: 6/6
  2245 | D:4      | Reached skill level 6 in Dodging
  2653 | D:5      | Entered Level 5 of the Dungeon
  2687 | D:5      | Reached XP level 6. HP: 31/32 MP: 7/7
  2782 | D:5      | Found a white marble altar of Elyvilon.
  2792 | D:5      | Noticed a sky beast
  2811 | D:5      | Killed a sky beast
  2811 | D:5      | Reached skill level 5 in Long Blades
  2811 | D:5      | Reached skill level 7 in Dodging
  3219 | D:5      | Reached **** piety under Trog
  3338 | D:5      | Reached XP level 7. HP: 35/36 MP: 8/8
  3739 | D:6      | Reached skill level 8 in Dodging
  3813 | D:6      | Noticed Grinder
  3849 | D:6      | Paralysed by Grinder for 7 turns
  3855 | D:6      | Killed Grinder
  3875 | D:6      | Reached XP level 8. HP: 15/40 MP: 9/9
  4054 | D:6      | Noticed Menkaure
  4064 | D:6      | Killed Menkaure
  4064 | D:6      | Reached skill level 1 in Evocations
  4111 | D:6      | Reached skill level 9 in Dodging
  4136 | D:6      | Noticed melvinkitnick's ghost (amateur GnNe)
  4138 | D:6      | Found a transporter.
  4138 | D:6      | Noticed a centaur warrior
  4152 | D:6      | Found a transporter.
  4173 | D:6      | Got a transparent flail
  4218 | D:6      | Found a snail-covered altar of Cheibriados.
  4512 | D:6      | Noticed Sigmund
  4530 | D:6      | Killed Sigmund
  4581 | D:6      | Noticed Edmund
  4618 | D:6      | Killed Edmund
  4683 | D:6      | Noticed Blork the orc
  4716 | D:6      | Killed Blork the orc
  4847 | D:7      | Found a shadowy altar of Dithmenos.
  5098 | D:7      | Reached skill level 10 in Dodging
  5098 | D:7      | Reached XP level 9. HP: 44/44 MP: 13/13
  5333 | D:7      | Found a staircase to the Ecumenical Temple.
  5470 | D:7      | Reached skill level 5 in Evocations
  5832 | D:8      | Noticed a two-headed ogre
  5889 | D:8      | Killed a two-headed ogre
  5889 | D:8      | Reached skill level 11 in Dodging
  5970 | D:8      | Reached ***** piety under Trog
  6503 | D:8      | Reached XP level 10. HP: 39/49 MP: 16/16
  6919 | D:9      | Received a gift from Trog
  6967 | D:9      | Noticed a two-headed ogre
  7034 | D:9      | Killed a two-headed ogre
  7034 | D:9      | Reached skill level 12 in Dodging
  7103 | D:9      | Reached skill level 10 in Long Blades
  7941 | D:10     | Entered Level 10 of the Dungeon
  7943 | D:10     | Found a staircase to the Orcish Mines.
  8004 | D:10     | Reached skill level 13 in Dodging
  8127 | D:10     | Reached XP level 11. HP: 52/52 MP: 6/18
  8431 | D:10     | Found a staircase to the Lair.
  8440 | D:10     | Noticed an oklob plant
  8455 | D:10     | Killed an oklob plant
  8744 | Orc:1    | Entered Level 1 of the Orcish Mines
  8793 | D:10     | Received a gift from Trog
  8947 | Orc:1    | Found a burning altar of Makhleb.
  9179 | Orc:2    | Entered Level 2 of the Orcish Mines
  9179 | Orc:2    | Found a bloodstained altar of Trog.
  9206 | Orc:2    | Noticed an orc knight
  9275 | Orc:1    | Killed an orc knight
  9383 | Orc:2    | Found a staircase to the Elven Halls.
  9495 | Orc:2    | Noticed Rupert
  9513 | Orc:2    | Noticed an orc knight
  9603 | Orc:1    | Noticed an orc high priest
  9607 | Orc:1    | Noticed a sun demon
  9608 | Orc:1    | Noticed a stone giant
  9634 | Orc:1    | Killed an orc high priest
  9718 | Orc:1    | Killed a stone giant
  9718 | Orc:1    | Reached skill level 14 in Dodging
  9845 | Orc:2    | Noticed Donald
 10023 | Orc:2    | Killed Rupert
 10023 | Orc:2    | Reached skill level 5 in Fighting
 10026 | Orc:2    | Killed an orc knight
 10145 | Orc:2    | Noticed an orc knight
 10240 | Orc:2    | Killed an orc knight
 10310 | Orc:2    | Found Zesirpho's General Store.
 10337 | Orc:2    | Reached XP level 12. HP: 60/60 MP: 19/19
 10626 | Orc:2    | Killed Donald
 10791 | Orc:2    | Found Edolaaxt's Distillery.
 10922 | Orc:2    | Noticed Snorg
 10962 | Orc:2    | Killed Snorg
 11006 | Orc:2    | Noticed Azrael
 11014 | Orc:2    | Killed Azrael
 11014 | Orc:2    | Reached skill level 15 in Dodging
 11176 | Orc:2    | Bought a potion of agility for 52 gold pieces
 11178 | Orc:2    | Bought a scroll of random uselessness for 14 gold pieces
 11699 | Orc:2    | Received a gift from Trog
 11872 | Orc:2    | Noticed an orc high priest
 11872 | Orc:2    | Noticed an orc high priest
 11874 | Orc:2    | Noticed an orc high priest
 11883 | Orc:2    | Killed an orc high priest
 11887 | Orc:2    | Killed an orc high priest
 11899 | Orc:2    | Noticed an orc high priest
 11942 | Orc:1    | Killed an orc high priest
 11986 | Orc:2    | Paralysed by an orc sorcerer for 4 turns
 11988 | Orc:2    | Slain by a hellwing

Vault maps used:
D:1:      sevenhm_arrival_forest_fort_small_4
D:2:      minitemple, lightli_temple_of_fire
D:3:      serial_bayou_ford_a, uniq_robin
D:4:      first_ration, serial_bayou_lagoon_b
D:5:      cheibrodos_quashed, elyvilon_altar_1
D:6:      lemuel_doored_altar, gammafunk_ghost_arena, sigmund_edmund_badplayer,
          uniq_blork_the_orc, uniq_menkaure, uniq_grinder
D:7:      minmay_temple_entry_large_hall, grunt_ogre_cave,
          nicolae_dithmenos_shadow_blocks
D:8:      serial_undead, serial_undead_c, serial_undead_e, serial_undead_c,
          serial_undead_b, serial_undead_e, serial_undead_e, serial_undead_e,
          serial_undead_c, serial_undead_a, serial_undead_d
D:9:      minmay_s_stair_smasher, kennysheep_generic_room_13
D:10:     dpeg_oklobed_lair, orc_0_dummy, grunt_decor_arrowhead,
          kennysheep_generic_room_16
Orc:1:    bloody_makhleb
Orc:2:    pf_orc_diabolical, bloody_trog, uniq_snorg, uniq_azrael, uniq_rupert,
          uniq_donald

Skill      XL: |  1  2  3  4  5  6  7  8  9 10 11 12 |
---------------+-------------------------------------+-----
Long Blades    | 3 4 5 6 8 9 11 12 13 | 13.8
Dodging        | 5 6 7 8 10 11 13 14 15 | 15.0
Fighting       | 3 5 7 |  7.1
Evocations     | 4 7 8 |  8.0

Action                   |  1- 3 |  4- 6 |  7- 9 | 10-12 || total
-------------------------+-------+-------+-------+-------++-------
Melee: Falchion          |   111 |    35 |       |       ||   146
       Dagger            |       |   179 |   233 |   420 ||   832
       Long sword        |       |    29 |   177 |    72 ||   278
       Scimitar          |       |       |       |   554 ||   554
       Demon blade       |       |       |       |    38 ||    38
       Double sword      |       |       |       |     3 ||     3
 Fire: Blowgun           |       |       |       |    18 ||    18
Throw: Tomahawk          |       |       |       |     3 ||     3
Invok: Trog's Hand       |       |       |     2 |       ||     2
       Berserk           |       |       |     2 |     3 ||     5
       Brothers in Arms  |       |       |       |     1 ||     1
Evoke: Wand              |       |       |     2 |    10 ||    12
  Use: Scroll            |       |     7 |     4 |     6 ||    17
       Potion            |       |     1 |       |     2 ||     3
 Stab: Sleeping          |     2 |     1 |       |     1 ||     4
       Invisible         |       |       |       |     9 ||     9
       Distracted        |       |       |       |     1 ||     1
  Eat: Ration            |       |     4 |       |     8 ||    12
Armor: Animal skin       |     1 |       |       |       ||     1
       Robe              |     9 |    41 |    36 |    33 ||   119
       Troll leather arm |       |       |       |    39 ||    39
       Skin              |       |       |       |     9 ||     9
Dodge: Dodged            |   108 |   163 |   292 |   852 ||  1415
       Rpst.: Falchion   |    28 |     7 |       |       ||    35
       Long sword        |       |     5 |    45 |    28 ||    78
       Scimitar          |       |       |       |   140 ||   140
       Demon blade       |       |       |       |    17 ||    17
       Double sword      |       |       |       |     1 ||     1

Table legend:
 A = Non-vault XP
 B = Vault XP
 C = Vault XP percentage of total XP
 D = Non-vault monster count
 E = Vault monster count
 F = Vault count percentage of total count
                 A         B        C        D         E       F
            +---------+---------+-------+---------+---------+-------
      Total |   15594 |   22233 |  58.8 |     270 |     105 |  28.0
            +---------+---------+-------+---------+---------+-------
        D:1 |      25 |       0 |   0.0 |      16 |       0 |   0.0
        D:2 |      47 |       0 |   0.0 |      16 |       0 |   0.0
        D:3 |      73 |      36 |  33.0 |      21 |      12 |  36.4
        D:4 |     153 |       0 |   0.0 |      19 |       0 |   0.0
        D:5 |     635 |       0 |   0.0 |      22 |       0 |   0.0
        D:6 |     414 |     952 |  69.7 |      13 |       5 |  27.8
        D:7 |     939 |     125 |  11.7 |      16 |       1 |   5.9
        D:8 |    1643 |     627 |  27.6 |      16 |       9 |  36.0
        D:9 |    3502 |    1059 |  23.2 |      42 |      16 |  27.6
       D:10 |    2952 |     638 |  17.8 |      29 |       2 |   6.5
      Orc:1 |    3735 |    5239 |  58.4 |      34 |      13 |  27.7
      Orc:2 |    1476 |   13557 |  90.2 |      26 |      47 |  64.4
            +---------+---------+-------+---------+---------+-------
